 Dungeon Crawl Stone Soup version 0.32-a0-328-gd8048dd28f (webtiles) character file.

Game seed: 12897222435083629831

78868 sanka the Nimble (level 14, -5/130 HPs)
             Began as a Demigod Alchemist on Feb 16, 2024.
             Slain by an orc knight
             ... wielding a +0 bardiche
              (27 damage)
             ... on level 2 of the Orcish Mines.
             The game lasted 00:50:47 (22928 turns).

sanka the Nimble (Demigod Alchemist)               Turns: 22928, Time: 00:50:48

Health: -5/130     AC: 18    Str:  9    XL:     14   Next: 78%
Magic:  3/24       EV: 23    Int: 38    God:
Gold:   1849       SH:  0    Dex: 14    Spells: 7/21 levels left

rFire   . . .        a - +2 long sword (elec)
rCold   + . .        (no shield)
rNeg    . . .        A - +2 leather armour of Plasticity {Regen+}
rPois   .            w - +1 helmet
rElec   .            c - +2 cloak of Doschid {rC+ Int+2 Stlth+}
rCorr   .            t - +0 pair of gloves
SInv    .            g - +2 pair of boots of Proximity {Int+3}
Will    +....        j - amulet of regeneration
Stlth   +++          T - +4 ring of protection
HPRegen 2.01/turn    l - +5 ring of evasion
MPRegen 0.19/turn

%: no passive effects
@: slightly contaminated
A: high MP 1, forlorn, divine attributes
a: no special abilities


You were on level 2 of the Orcish Mines.
You visited 3 branches of the dungeon, and saw 19 of its levels.
You also visited: Ossuary and Gauntlet.

You collected 2096 gold pieces.
You spent 247 gold pieces at shops.


Innate Abilities, Weirdness & Mutations

You have an increased reservoir of magic. (+10% MP)
You shall have no god before yourself.
Your divine heritage dramatically boosts your attributes as you level up.


   Skills:
 + Level 13.8 Fighting
 + Level 14.0 Dodging
 - Level 1.7 Stealth
 - Level 4.0 Spellcasting
 - Level 10.0 Conjurations
 - Level 8.0 Fire Magic
 - Level 10.0 Alchemy


You had 7 spell levels left.
You knew the following spells:

 Your Spells              Type           Power      Damage    Failure   Level
x - Sticky Flame          Fire/Alch      66%        2d11      1%          4
z - Sting                 Conj/Alch      100%       1d9       1%          1
C - Irradiate             Conj/Alch      35%        3d23      2%          5
X - Olgreb's Toxic Radia  Alch           70%        N/A       1%          4

Your spell library contained the following spells:

 Spells                   Type           Power      Damage    Failure   Level
 Mercury Vapours          Alch/Air       90%        N/A       1%          2
 Scorch                   Fire           100%       2d9       1%          2
 Mephitic Cloud           Conj/Alch/Air  55%        N/A       1%          3
 Flame Wave               Conj/Fire      66%        2d15      1%          4
 Slow                     Hex            28%        N/A       5%          1
 Petrify                  Alch/Erth      45%        N/A       7%          4
 Sublimation of Blood     Necr           7%         N/A       8%          2
 Confusing Touch          Hex            7%         N/A       16%         3
 Sigil of Binding         Hex            7%         N/A       16%         3
 Summon Ice Beast         Ice/Summ       7%         N/A       16%         3
 Vampiric Draining        Necr           7%         2d6       16%         3
 Summon Mana Viper        Hex/Summ       7%         N/A       82%         5
 Summon Cactus Giant      Summ           3%         N/A       100%        6
 Monstrous Menagerie      Summ           3%         N/A       100%        7

Inventory:

Hand Weapons
 a - a +2 long sword of electrocution (weapon)
 b - a +1 scimitar of flaming
 q - a +4 quarterstaff of chaos
Missiles
 O - 3 curare-tipped darts {=f}
Armour
 c - the +2 cloak of Doschid (worn) {rC+ Int+2 Stlth+}

   Int+2:     It affects your intelligence (+2).
   rC+:       It protects you from cold.
   Stlth+:    It makes you more stealthy.
 g - the +2 pair of boots of Proximity (worn) {Int+3}

   Int+3:     It affects your intelligence (+3).
 p - the +2 robe of Experimentation {rElec rN+} rElec: It insulates you from electricity. rN+: It protects you from negative energy.
 t - a +0 pair of gloves (worn)
 w - a +1 helmet (worn)
 A - the +2 leather armour of Plasticity (worn) {Regen+}

   Regen+:    It increases your rate of health regeneration.
Magical Staves
 k - a staff of fire
 x - a staff of conjuration {!a}
Jewellery
 j - an amulet of regeneration (around neck)
 l - a +5 ring of evasion (right hand)
 I - a +6 ring of dexterity
 L - a ring of willpower
 N - a ring of ice
 T - a +4 ring of protection (left hand)
Wands
 y - a wand of quicksilver (4)
 H - a wand of flame (30)
 J - a wand of polymorph (11)
 M - a wand of roots (11)
 X - a wand of charming (5)
Scrolls
 f - 2 scrolls of revelation
 h - 2 scrolls of fog
 i - 6 scrolls of blinking
 m - 2 scrolls of fear
 o - a scroll of torment {unknown}
 r - 2 scrolls of amnesia
 u - 2 scrolls of silence {!r}
 F - 2 scrolls of vulnerability {!r}
 G - 2 scrolls of enchant armour
 K - 3 scrolls of teleportation {@r4}
 P - 2 scrolls of enchant weapon
 Q - 3 scrolls of poison {!r}
 W - a scroll of summoning
Potions
 d - 5 potions of lignification {unknown}
 e - 6 potions of brilliance {unknown}
 n - 3 potions of attraction {unknown}
 s - 2 potions of mutation {unknown}
 v - 8 potions of heal wounds {unknown}
 z - 11 potions of curing {unknown}
 C - 6 potions of enlightenment {unknown}
 D - 2 potions of invisibility {unknown}
 E - 3 potions of berserk rage {unknown}
 R - a potion of might {unknown}
 S - a potion of cancellation {unknown}
 U - 3 potions of magic
 V - 2 potions of degeneration {unknown}
 Y - a potion of haste {unknown}
 Z - a potion of ambrosia {unknown}

Dungeon Overview and Level Annotations

Branches:
Dungeon (12/15)            Temple (0/1) D:7            Lair (5/5) D:9
 Shoals (0/4) Lair:2        Snake (0/4) Lair:3        Slime (0/5) Lair:4
    Orc (2/2) D:11            Elf (0/3) Orc:2       Ossuary (visited)
Gauntlet (visited)

Shops:
D:2 !   D:6 [   D:8 [   Orc:1 !   Orc:2 *![=

Annotations:
D:11 2 transporters, DEFE's ghost, novice DsFi

▒..▒▒▒▒▒▒..▒
▒..▒...∩▒..▒▒▒▒
▒..▒)...▒..▒..▒▒
▒..').).▒......▒
▒..▒)...▒.....▒▒▒▒▒▒▒▒▒
...▒▒▒▒▒▒.....▒......ß▒
..............▒.▒.▒..▒
..............▒oß.ß.!▒
)..▒▒▒▒▒▒.....(.pQ.)▒▒
).)▒.)..▒.....'c...)_▒
▒..))).)▒..e.))....|▒▒
▒..▒...∩▒..▒..▒.ß.ß..▒
▒..▒▒▒▒▒▒..▒..▒.▒.▒..▒
...........▒..▒......ß▒
...........▒▒▒▒▒▒▒▒▒▒▒▒
▒▒▒▒▒▒▒.▒▒▒▒
▒.▒▒▒....▒▒ ▒▒▒▒▒▒


You could see an orc knight, a tengu warrior, a centaur warrior (poisoned) and a
deep elf archer (repels missiles, poisoned).


Message History

You kill the centaur warrior!
The centaur warrior hits you with a -3 sling.
* * * LOW HITPOINT WARNING * * *
The centaur warrior kicks you but does no damage.
The centaur warrior hits you but does no damage.
The centaur warrior closely misses you.
The tengu warrior hits you with a +0 glaive!
* * * LOW HITPOINT WARNING * * *
The tengu warrior pecks you but does no damage.
The tengu warrior misses you.
The orc knight hits you from afar with a +0 bardiche.
* * * LOW HITPOINT WARNING * * *
The centaur warrior hits you but does no damage.
The centaur warrior completely misses you.
Your Dodging skill increases to level 14!
Unknown command.
The centaur warrior hits you but does no damage.
The centaur warrior kicks you but does no damage.
The tengu warrior hits you with a +0 glaive!
* * * LOW HITPOINT WARNING * * *
The tengu warrior pecks you but does no damage.
The tengu warrior barely misses you. The orc knight barely misses you.
Unknown command.
The tengu warrior slips past you!
The tengu warrior hits you but does no damage.
The tengu warrior misses you. The tengu warrior closely misses you.
The orc knight hits you with a +0 bardiche!!
You die...

Action                     |  1- 3 |  4- 6 |  7- 9 | 10-12 | 13-15 || total
---------------------------+-------+-------+-------+-------+-------++-------
  Melee: Dagger            |    21 |       |       |       |       ||    21
         Quarterstaff      |       |    27 |   273 |    57 |     4 ||   361
         Long sword        |       |       |       |   203 |   376 ||   579
         Scimitar          |       |       |       |       |     1 ||     1
   Cast: Sting             |    78 |    98 |    48 |       |       ||   224
         Sticky Flame      |       |       |    14 |    75 |   104 ||   193
         Olgreb's Toxic Ra |       |       |     9 |    60 |    72 ||   141
         Irradiate         |       |       |       |     2 |    23 ||    25
  Evoke: Wand              |       |       |       |     7 |     1 ||     8
    Use: Scroll            |       |       |     3 |     5 |     8 ||    16
         Potion            |       |       |       |     1 |       ||     1
   Stab: Confused          |       |       |     1 |     1 |       ||     2
         Sleeping          |       |       |     2 |     2 |     1 ||     5
         Distracted        |       |       |       |     1 |       ||     1
         Petrified         |       |       |       |       |     6 ||     6
 Armour: Robe              |    18 |    16 |       |       |    38 ||    72
         Leather armour    |       |    20 |   280 |   282 |   452 ||  1034
  Dodge: Dodged            |    26 |    52 |   566 |   503 |   931 ||  2078

Levels and vault maps discovered:
D:1:      psy_arrival_spokes, layout_loops_ring, minmay_small_reverse_x
D:2:      layout_basic, serial_corexii_hall, corexii_hall_statues_i,
          corexii_hall_statues_l, corexii_hall_statues_t,
          corexii_hall_statues_t, serial_shops, shop, minmay_crystal_room,
          chequers_serial_rivers_micro_a
D:3:      layout_basic, mainiacjoe_overflow_brackets, uniq_crazy_yiuf_cottage
D:4:      layout_loops_ring, mainiacjoe_overflow_alcove_2
D:5:      layout_basic, mainiacjoe_overflow_cross_hatched, uniq_blork_the_orc
D:6:      layout_basic, minmay_overflow_temple_star_hex, enter_ossuary_4,
          nicolae_kite_square_tiling_tiny, nicolae_shop_dragon_depot,
          uniq_sigmund
D:7:      layout_basic, old_standard_altar, tso_oasis_becter,
          minmay_temple_entry_statues
D:8:      layout_cave_pods, serial_shops, nicolae_shop_just_a_little_nook,
          hangedman_decor_riveting, minivault_12
D:9:      minmay_bloctagon_deflated, layout_cave_pools,
          grunt_lair_entry_orc_guard_hut, uniq_grum
D:10:     layout_long_grid, kennysheep_big_empty_room, amcnicky_mini_pool_small,
          uniq_erolcha, uniq_erica
D:11:     layout_rooms, david_orc_4, gammafunk_ghost_wrathful_warriors,
          dreamdust_princess_corridor, minmay_misc_feat_x, minmay_joined_circles
D:12:     layout_basic, uniq_psyche
Lair:1:   layout_cave_pods, chequers_serial_rivers_small_a
Lair:2:   layout_chaotic_city, minmay_shoals_entry_hut, beast_lair_carwin_5,
          infiniplex_staircase_pool_2, uniq_urug
Lair:3:   layout_chaotic_city, dummy_snake_entry, infiniplex_staircase_pool
Lair:4:   layout_regular_city, minmay_slime_entry_jelly_boxes,
          gauntlet_entry_generic
Lair:5:   grunt_lair_end_beastmaster, layout_misc_corridors, grunt_megastairs_2
Orc:1:    layout_caves, serial_shops, shop
Orc:2:    st_orc_town, layout_caves, gammafunk_ghost_fury_of_okawaru

Notes
Turn   | Place    | Note
-------+----------+-------------------------------------------
     0 | D:1      | sanka the Demigod Alchemist began the quest for the Orb.
     0 | D:1      | Reached XP level 1. HP: 14/14 MP: 5/5
   163 | D:1      | Reached skill level 2 in Spellcasting
   207 | D:1      | Reached skill level 1 in Conjurations
   323 | D:1      | Reached XP level 2. HP: 20/20 MP: 5/7
   389 | D:1      | Reached skill level 2 in Conjurations
   420 | D:1      | Reached skill level 3 in Alchemy
   620 | D:2      | Found Dudyic's Distillery.
   734 | D:2      | Reached XP level 3. HP: 26/26 MP: 6/8
  2140 | D:3      | Reached skill level 4 in Alchemy
  2404 | D:3      | Found a runed translucent door.
  2405 | D:3      | Noticed Crazy Yiuf
  2711 | D:3      | Killed Crazy Yiuf
  2712 | D:3      | Reached XP level 4. HP: 20/33 MP: 0/9
  2848 | D:3      | Learned a level 4 spell: Sticky Flame
  3117 | D:4      | Reached skill level 1 in Fire Magic
  3233 | D:4      | Reached XP level 5. HP: 38/38 MP: 8/11
  3508 | D:4      | Reached skill level 2 in Fire Magic
  3508 | D:4      | Reached skill level 5 in Alchemy
  3907 | D:5      | Entered Level 5 of the Dungeon
  3916 | D:5      | Identified the +2 leather armour of Plasticity {Regen+}
  3965 | D:5      | Reached XP level 6. HP: 45/45 MP: 6/12
  4250 | D:5      | Noticed Blork the orc
  4277 | D:5      | Reached skill level 3 in Fire Magic
  4571 | D:5      | Killed Blork the orc
  4572 | D:5      | Reached skill level 3 in Spellcasting
  4737 | D:5      | Reached XP level 7. HP: 50/50 MP: 10/14
  5052 | D:6      | Reached skill level 6 in Alchemy
  5145 | D:6      | Reached skill level 4 in Fire Magic
  5218 | D:6      | Found a sand-covered staircase.
  5229 | D:6      | Learned a level 4 spell: Olgreb's Toxic Radiance
  5230 | Ossuary  | Entered an ossuary
  5431 | Ossuary  | Reached XP level 8. HP: 54/57 MP: 15/17
  5447 | Ossuary  | Reached skill level 5 in Fire Magic
  5762 | D:6      | Found Venera's Dragon-Slaying Spoils.
  5769 | D:6      | Reached skill level 7 in Alchemy
  5877 | D:6      | Noticed Sigmund
  5888 | D:6      | Killed Sigmund
  5889 | D:6      | Reached skill level 4 in Spellcasting
  6043 | D:6      | Reached skill level 6 in Fire Magic
  6317 | D:7      | Found a staircase to the Ecumenical Temple.
  6322 | D:7      | Reached skill level 8 in Alchemy
  6430 | D:7      | Reached skill level 7 in Fire Magic
  6523 | D:7      | Reached XP level 9. HP: 61/62 MP: 13/18
  7219 | D:8      | Reached skill level 8 in Fire Magic
  7219 | D:8      | Reached skill level 1 in Fighting
  7219 | D:8      | Reached skill level 2 in Dodging
  7227 | D:8      | Reached skill level 2 in Fighting
  7227 | D:8      | Reached skill level 3 in Dodging
  7232 | D:8      | Reached skill level 3 in Fighting
  7638 | D:8      | Reached skill level 4 in Dodging
  7650 | D:8      | Found Hues's Antique Armour Emporium.
  7788 | D:8      | Reached skill level 4 in Fighting
  7818 | D:8      | Noticed a tengu conjurer
  7820 | D:8      | Noticed a centaur warrior
  7829 | D:8      | Noticed a cyclops
  7829 | D:8      | Noticed a kobold demonologist
  7830 | D:8      | Noticed a gargoyle
  7840 | D:8      | Noticed a manticore
  8163 | D:8      | Bought a distressingly furry cloak for 247 gold pieces
  8163 | D:8      | Identified the +2 cloak of Doschid {rC+ Int+2 Stlth+} (You
                  | bought it in a shop on level 8 of the Dungeon)
  8198 | D:9      | Reached skill level 5 in Dodging
  8284 | D:9      | Reached XP level 10. HP: 80/80 MP: 19/19
  8298 | D:9      | Identified the +2 robe of Experimentation {rElec rN+}
  8305 | D:9      | Reached skill level 5 in Fighting
  8479 | D:9      | Reached skill level 6 in Dodging
  8525 | D:9      | Noticed Grum
  8529 | D:9      | Reached skill level 6 in Fighting
  8533 | D:9      | Killed Grum
  8536 | D:9      | Noticed an elephant
  8795 | D:9      | Noticed a green ugly thing
  8797 | D:9      | Noticed a brown ugly thing
  8799 | D:9      | Noticed a six-headed hydra
  8809 | D:9      | Killed a brown ugly thing
  8810 | D:9      | Reached skill level 7 in Dodging
  8812 | D:9      | Killed a brown ugly thing
  8892 | D:9      | Noticed a cyclops
  8894 | D:9      | Killed a six-headed hydra
  8895 | D:9      | Reached skill level 7 in Fighting
  8903 | D:9      | a cyclops changed into a queen bee
  9243 | D:9      | Noticed an elephant
  9257 | D:9      | Killed an elephant
  9458 | D:9      | Killed an elephant
  9459 | D:9      | Reached skill level 8 in Dodging
  9459 | D:9      | Reached XP level 11. HP: 93/93 MP: 12/20
  9506 | D:9      | Found a staircase to the Lair.
  9663 | D:10     | Entered Level 10 of the Dungeon
  9720 | D:10     | Identified +0 acid dragon scales
  9721 | D:10     | Reached skill level 8 in Fighting
 10148 | D:10     | Noticed Erica
 10162 | D:10     | Killed Erica
 10220 | D:10     | Noticed Erolcha
 10226 | D:10     | Killed Erolcha
 10501 | D:10     | Reached skill level 9 in Dodging
 10505 | D:10     | Identified +0 steam dragon scales
 10508 | D:10     | Reached skill level 9 in Fighting
 10580 | D:10     | Learned a level 5 spell: Irradiate
 10772 | D:11     | Noticed a two-headed ogre
 10781 | D:11     | Killed a two-headed ogre
 10782 | D:11     | Reached skill level 3 in Conjurations
 10849 | D:11     | Found a transporter.
 10860 | D:11     | Noticed DEFE's ghost (novice DsFi)
 10865 | D:11     | Found a transporter.
 10872 | D:11     | Noticed a tengu warrior
 10921 | D:11     | Reached skill level 4 in Conjurations
 10989 | D:11     | Found a staircase to the Orcish Mines.
 11248 | D:11     | Identified +0 acid dragon scales
 11249 | D:11     | Reached skill level 5 in Conjurations
 11313 | D:11     | Reached skill level 6 in Conjurations
 11751 | D:11     | Reached skill level 7 in Conjurations
 11806 | D:12     | Noticed a two-headed ogre
 11811 | D:12     | Killed a two-headed ogre
 11938 | Lair:1   | Entered Level 1 of the Lair of Beasts
 11963 | Lair:1   | Noticed a death yak
 11964 | Lair:1   | Noticed a death yak
 11967 | Lair:1   | Noticed a death yak
 11992 | Lair:1   | Killed a death yak
 11993 | Lair:1   | Reached XP level 12. HP: 29/104 MP: 0/21
 11999 | Lair:1   | Reached skill level 8 in Conjurations
 12737 | Lair:1   | Reached skill level 9 in Conjurations
 12739 | Lair:1   | Reached skill level 9 in Alchemy
 13736 | Lair:2   | Noticed Urug
 13756 | Lair:2   | Killed Urug
 13784 | Lair:2   | Reached skill level 10 in Conjurations
 13784 | Lair:2   | Reached skill level 10 in Alchemy
 14102 | Lair:2   | Reached XP level 13. HP: 85/111 MP: 0/22
 14227 | Lair:2   | Reached skill level 10 in Dodging
 14314 | Lair:2   | Found a staircase to the Shoals.
 14483 | Lair:2   | Reached skill level 10 in Fighting
 15633 | Lair:3   | Reached skill level 11 in Dodging
 15862 | Lair:3   | Reached skill level 11 in Fighting
 16067 | Lair:3   | Found a staircase to the Snake Pit.
 16436 | Lair:4   | Found a staircase to the Slime Pits.
 16553 | Lair:4   | Found a gate leading to a gauntlet.
 16569 | Gauntlet | Entered a Gauntlet
 16569 | Gauntlet | Found a transporter.
 16582 | Gauntlet | Found a transporter.
 16593 | Gauntlet | Found a transporter.
 16598 | Gauntlet | Found a transporter.
 16601 | Gauntlet | Noticed a reaper
 16613 | Gauntlet | Found a transporter.
 16632 | Gauntlet | Found a transporter.
 16640 | Gauntlet | Found a large runed translucent door.
 16641 | Gauntlet | Found a large runed translucent door.
 16642 | Gauntlet | Found a large runed translucent door.
 16642 | Gauntlet | Found a large runed translucent door.
 16643 | Gauntlet | Found a runed translucent gate.
 16644 | Gauntlet | Found a transporter.
 16644 | Gauntlet | Found a runed translucent gate.
 16645 | Gauntlet | Found a runed translucent gate.
 16646 | Gauntlet | Found a large runed translucent door.
 16646 | Gauntlet | Found a large runed translucent door.
 16647 | Gauntlet | Found a large runed translucent door.
 16648 | Gauntlet | Found a large runed translucent door.
 16656 | Gauntlet | Found a transporter.
 16658 | Gauntlet | Found a large runed translucent door.
 16658 | Gauntlet | Found a large runed translucent door.
 16658 | Gauntlet | Found a runed translucent door.
 16658 | Gauntlet | Found a runed translucent door.
 16659 | Gauntlet | Found a large runed translucent door.
 16660 | Gauntlet | Found a large runed translucent door.
 16662 | Gauntlet | Found a transporter.
 16682 | Gauntlet | Found a transporter.
 16691 | Gauntlet | Found a transporter.
 16717 | Gauntlet | Found a transporter.
 16732 | Gauntlet | Found a transporter.
 16734 | Gauntlet | Found a transporter.
 16759 | Gauntlet | Found a transporter.
 16761 | Gauntlet | Found a transporter.
 16781 | Gauntlet | Found a transporter.
 16855 | Gauntlet | Found a large runed translucent door.
 16855 | Gauntlet | Found a large runed translucent door.
 16856 | Gauntlet | Found a large runed translucent door.
 16857 | Gauntlet | Found a large runed translucent door.
 16899 | Gauntlet | Found a transporter.
 17199 | Gauntlet | Identified the +2 pair of boots of Proximity {Int+3}
 17214 | Gauntlet | Identified the +1 trident "Heif" {heavy, +Blink rPois Str-3
                  | Stlth+}
 17418 | Gauntlet | Noticed a minotaur
 17422 | Gauntlet | Killed a minotaur
 18303 | Lair:5   | Entered Level 5 of the Lair of Beasts
 18390 | Lair:5   | Reached skill level 12 in Dodging
 18560 | Lair:5   | Reached skill level 12 in Fighting
 18732 | Lair:5   | Reached XP level 14. HP: 114/126 MP: 5/24
 19906 | Lair:5   | Reached skill level 13 in Dodging
 20303 | Lair:5   | Reached skill level 13 in Fighting
 20746 | Orc:1    | Entered Level 1 of the Orcish Mines
 21031 | Orc:1    | Found Fafaal's Distillery.
 21390 | Orc:2    | Entered Level 2 of the Orcish Mines
 22012 | Orc:2    | Found Cub Orom's Jewellery Boutique.
 22117 | Orc:2    | Found Cics's Armour Shop.
 22246 | Orc:2    | Found Juontean's Distillery.
 22532 | Orc:2    | Found Noownoon's General Store.
 22632 | Orc:2    | Found a runed translucent gate.
 22632 | Orc:2    | Found a runed translucent gate.
 22632 | Orc:2    | Found a runed translucent gate.
 22636 | Orc:2    | Noticed Bigboy123's ghost (journeyman MiBe)
 22687 | Orc:2    | Found a staircase to the Elven Halls.
 22919 | Orc:2    | Killed Bigboy123's ghost
 22927 | Orc:2    | Reached skill level 14 in Dodging
 22928 | Orc:2    | Slain by an orc knight

Vanquished Creatures
  A stone giant (Orc:2)
  The ghost of Bigboy123 the Executioner, a journeyman MiBe of Trog (Orc:2)
  A minotaur (Gauntlet)
  4 hydras
  Erolcha (D:10)
  Erica (D:10)
  A catoblepas (Lair:5)
  4 two-headed ogres
  2 centaur warriors (Orc:2)
  7 death yaks
  A deep troll shaman (Lair:5)
  A death scarab (Gauntlet)
  5 orc high priests (Orc:2)
  Urug (Lair:2)
  3 skysharks
  A lightning spire (Gauntlet)
  A lindwurm (Lair:5)
  2 ugly things (D:9)
  6 orc sorcerers (Orc:2)
  A cyclops (D:11)
  2 kobold blastminers
  29 elephants
  A torpor snail (Gauntlet)
  4 black mambas
  3 rime drakes
  17 cane toads
  2 unseen horrors (D:11)
  10 komodo dragons
  5 kobold demonologists
  A queen bee (D:9)
  5 trolls
  4 polar bears
  A hornet (D:8)
  A raiju (Gauntlet)
  A snapping turtle (Lair:2)
  13 blink frogs
  Sigmund (D:6)
  3 slime creatures
  A spectral black mamba (Gauntlet)
  64 yaks
  2 shadows
  A water elemental (Lair:2)
  10 wyverns
  Grum (D:9)
  A wraith (D:9)
  3 basilisks
  11 wargs
  3 vampire mosquitoes (D:11)
  A steam dragon (D:10)
  15 water moccasins
  4 acid dragons
  A sky beast (D:7)
  15 orc warriors
  6 black bears
  An ice beast (D:6)
  6 ogres
  32 wolves
  8 centaurs
  3 elf zombies (Ossuary)
  7 kobold brigands
  Blork the orc (D:5)
  14 bullfrogs
  6 scorpions
  5 wights (D:7)
  A killer bee (D:11)
  7 howler monkeys
  3 centaur zombies (Ossuary)
  4 hounds
  18 jellies
  22 orc priests
  Crazy Yiuf (D:3)
  3 iguanas
  2 sleepcaps
  22 orc wizards
  3 hound zombies (Ossuary)
  2 mummies (Ossuary)
  6 adders
  10 adder zombies (Ossuary)
  3 dart slugs
  2 ribbon worms (D:4)
  86 orcs
  9 endoplasms
  A gnoll zombie (Ossuary)
  8 goblins
  5 hobgoblins
  4 jackals (D:2)
  A quokka (D:5)
  5 ball pythons
  2 bats
  7 frilled lizards
  6 jackal zombies (Ossuary)
  22 kobolds
  8 kobold zombies (Ossuary)
  2 orc zombies (Ossuary)
  3 rats
  2 rat zombies (D:6)
650 creatures vanquished.

Vanquished Creatures (others)
  A hound zombie (Ossuary)
1 creature vanquished.

Grand Total: 651 creatures vanquished
